 Dungeon Crawl Stone Soup version 0.26-a0-639-g72c4674329 (webtiles) character file.

Game seed: 9935946203188675205

2342 Lanoc the Prestidigitator (level 9, -7/68 HPs)
             Began as a Demonspawn Artificer on Sept 25, 2020.
             Mangled by a wyvern (10 damage)
             ... on level 8 of the Dungeon.
             The game lasted 00:14:28 (7593 turns).

Lanoc the Prestidigitator (Demonspawn Artificer)    Turns: 7593, Time: 00:14:29

Health: -7/68      AC:  8    Str: 17 (18) XL:     9   Next: 20%
Magic:  9/9        EV: 16    Int: 10 (13) God:
Gold:   470        SH:  0    Dex: 24 (25) Spells: 8/8 levels left

rFire    . . .     SeeInvis +   t - +0 lajatang
rCold    . . .     Faith    .   (shield currently unavailable)
rNeg     . . .     Spirit   .   y - +2 robe of Resonance {Regen+ rCorr Dex+6}
rPois    .         Reflect  .   (helmet unavailable)
rElec    .         Harm     .   (no cloak)
rCorr    +         Rampage  .   (no gloves)
MR       +....                  (no boots)
Stlth    ++........             (no amulet)
HPRegen  0.61/turn              l - +6 ring of strength
MPRegen  0.11/turn              u - +4 ring of protection

@: no status effects
A: antennae 3, agile 1, demonic guardian 1, magic resistance 1, powered by pain
1, sturdy frame 1
a: no special abilities


You were on level 8 of the Dungeon.
You visited 2 branches of the dungeon, and saw 9 of its levels.
You also visited: Sewer and Ossuary.

You collected 470 gold pieces.

Inventory:

Hand Weapons
 t - a +0 lajatang (weapon)
Missiles
 a - 8 atropa-tipped darts (quivered)
Armour
 y - the +2 robe of Resonance (worn) {Regen+ rCorr Dex+6}
   (You found it on level 5 of the Dungeon)

   It affects your dexterity (+6).
   It increases your rate of regeneration.
   It provides partial protection from all sources of acid and corrosion.
Jewellery
 l - a +6 ring of strength (left hand)
 u - a +4 ring of protection (right hand)
Wands
 c - a wand of flame (1)
 d - a wand of enslavement (17)
 e - a wand of random effects (6)
 w - a wand of iceblast (10)
 x - a wand of paralysis (9)
 z - a wand of acid (7)
Scrolls
 b - a scroll of fear
 f - a scroll of immolation {unknown}
 g - 2 scrolls of enchant weapon
 i - 5 scrolls of remove curse
 j - a scroll of random uselessness {unknown}
 k - 6 scrolls of identify
 n - a scroll of noise {unknown}
 p - 4 scrolls of teleportation
 q - 3 scrolls of fog {unknown}
 r - 3 scrolls of magic mapping
 v - a scroll of amnesia
Potions
 h - a potion of brilliance
 m - 2 potions of berserk rage {unknown}
 o - 2 potions of curing
 s - 2 potions of haste


   Skills:
 + Level 5.4 Fighting
 + Level 5.2 Armour
 + Level 5.0 Dodging
 - Level 0.8 Stealth
 * Level 8.4 Evocations


You had 8 spell levels left.
You didn't know any spells.
Your spell library contained the following spells:

 Spells                   Type           Power        Failure   Level
 Magic Dart               Conj           #...         36%         1
 Blink                    Tloc           N/A          50%         2
 Call Imp                 Summ           #.......     50%         2
 Slow                     Hex            #.......     50%         2
 Conjure Flame            Conj/Fire      #.......     75%         3
 Mephitic Cloud           Conj/Pois/Air  #.......     75%         3


Dungeon Overview and Level Annotations

Branches:
Dungeon (8/15)             Temple (1/1) D:6           Sewer (visited)
Ossuary (visited)
   Lair: D:8-11

Altars:
Ashenzari
Cheibriados
Dithmenos
Elyvilon
Fedhas
Gozag
Hepliaklqana
Kikubaaqudgha
Makhleb
Nemelex Xobeh
Qazlal
Ru
Sif Muna
Trog
Uskayaw
Vehumet
Wu Jian
Xom
Yredelemnul
Zin
The Shining One

Shops:
D:7 (


Innate Abilities, Weirdness & Mutations

You have a pair of large antennae on your head. (SInv)
A weak demonic guardian rushes to your aid.
You sometimes gain a little power by taking damage.
Your movements are slightly less encumbered by armour. (ER -2)
You are agile. (Dex +2)
You are resistant to hostile enchantments. (MR+)


Message History

Your iron imp hits the wyvern but does no damage.
The wyvern barely misses you.
You hit the wyvern.
The wyvern is severely wounded.
The wyvern closely misses you.
Your iron imp hits the wyvern but does no damage.
The wyvern bites you!
* * * LOW HITPOINT WARNING * * *
Your iron imp barely misses the wyvern.
You feel better. The wyvern bites you!
* * * LOW HITPOINT WARNING * * *
The wyvern closely misses you.
Okay, then.
As you read the scroll of fear, it crumbles to dust.
You assume a fearsome visage.
Your iron imp is unaffected.
The wyvern looks frightened!
Your iron imp hits the wyvern.
Your iron imp's attack snaps the wyvern out of its fear.
The wyvern bites you!
You die...

#####.##### #........#
#.###.##.# #. #.##.#
##.###.##.########
................#
#.###.##.##.##..#
#.##...#.##.##..#
#5l@.....##.##..####
####...####.##.....#
###......# #.###.##.# #
##........# #.# #.##.#
#.###...#..#...##.. ..##.#
#..............#########.#
#.##..#......#..# #####.#
##.##............# #......
#..##............# #......


You could see a wyvern (fleeing) and a friendly iron imp (summoned).

Vanquished Creatures
  An ugly thing (D:8)
  Duvessa (D:5)
  Purgy (Sewer)
  2 centaurs (D:5)
  A bullfrog (D:5)
  A water moccasin zombie (Ossuary)
  2 scorpions
  3 howler monkeys (D:4)
  A bullfrog zombie (D:5)
  4 hounds
  9 orc wizards
  An orc priest (D:5)
  An iguana (D:5)
  Ijyb (D:5)
  5 worker ants
  4 big kobold zombies (Ossuary)
  A hound zombie (D:7)
  2 mummies (Ossuary)
  2 worker ant zombies (D:5)
  8 adders
  A howler monkey skeleton (D:8)
  A shadow imp (D:8)
  A white imp (D:8)
  An ufetubus (D:5)
  8 adder zombies (Ossuary)
  A worm (D:2)
  A dart slug (D:4)
  A leopard gecko (D:8)
  9 orcs
  6 giant cockroaches
  3 gnoll zombies (Ossuary)
  2 goblins
  2 hobgoblins
  2 quokkas
  2 ball pythons (Sewer)
  5 frilled lizards
  3 hobgoblin zombies (Ossuary)
  2 kobolds
  A kobold zombie (Ossuary)
  An orc zombie (Ossuary)
  2 quokka skeletons (D:7)
  2 rats (D:2)
108 creatures vanquished.

Vanquished Creatures (collateral kills)
  Prince Ribbit (D:5)
  Blork the orc (D:4)
  A bullfrog (D:7)
  2 water moccasin zombies (Ossuary)
  2 scorpions (D:6)
  Dowan (D:5)
  A howler monkey (D:4)
  A hound (D:5)
  An orc priest (D:4)
  A worker ant (D:4)
  2 big kobold zombies (Ossuary)
  An adder (D:4)
  An ufetubus (D:7)
  3 orcs (D:4)
  2 kobold zombies (Ossuary)
  4 orc zombies (Ossuary)
25 creatures vanquished.

Vanquished Creatures (others)
  Joseph (D:8)
  An orc wizard (D:5)
2 creatures vanquished.

Grand Total: 135 creatures vanquished

Notes
Turn   | Place    | Note
-------+----------+-------------------------------------------
     0 | D:1      | Lanoc the Demonspawn Artificer began the quest for the Orb.
     0 | D:1      | Reached XP level 1. HP: 15/15 MP: 1/1
    44 | D:1      | Reached skill level 1 in Dodging
   579 | D:2      | Gained mutation: You sometimes gain a little power by
                  | taking damage. [demonic ancestry]
   579 | D:2      | Reached XP level 2. HP: 21/21 MP: 2/2
  1089 | D:3      | You fall into a shaft and drop 2 floors!
  1089 | D:5      | Entered Level 5 of the Dungeon
  1092 | D:5      | Gained mutation: A weak demonic guardian rushes to your
                  | aid. [demonic ancestry]
  1092 | D:5      | Reached XP level 3. HP: 26/26 MP: 3/3
  1114 | D:5      | Noticed Duvessa
  1119 | D:5      | Noticed Dowan
  1131 | D:5      | Killed Dowan
  1131 | D:5      | Reached skill level 4 in Evocations
  1131 | D:5      | Gained mutation: Your movements are slightly less
                  | encumbered by armour. (ER -2) [demonic ancestry]
  1131 | D:5      | Reached XP level 4. HP: 33/33 MP: 4/4
  1182 | D:6      | Found a sand-covered staircase.
  1194 | Ossuary  | Entered an ossuary
  1264 | Ossuary  | Gained mutation: You have a pair of small antennae on your
                  | head. [demonic ancestry]
  1264 | Ossuary  | Reached XP level 5. HP: 7/38 MP: 5/5
  2513 | Ossuary  | Reached skill level 5 in Evocations
  2513 | Ossuary  | Reached XP level 6. HP: 33/46 MP: 6/6
  3246 | D:6      | Found a staircase to the Ecumenical Temple.
  3277 | D:5      | Killed Duvessa
  3277 | D:5      | Reached XP level 7. HP: 51/52 MP: 7/7
  3385 | D:5      | Noticed Ijyb
  3394 | D:5      | Killed Ijyb
  3439 | D:5      | Reached skill level 6 in Evocations
  3941 | D:5      | Noticed Prince Ribbit
  4131 | D:5      | Killed Prince Ribbit
  4131 | D:5      | Gained mutation: You have a pair of antennae on your head.
                  | [demonic ancestry]
  4131 | D:5      | Reached XP level 8. HP: 16/60 MP: 8/8
  4608 | D:5      | Got an ominously black robe
  4618 | D:5      | Identified the +2 robe of Resonance {Regen+ rCorr Dex+6}
                  | (You found it on level 5 of the Dungeon)
  4788 | D:4      | Reached skill level 7 in Evocations
  5005 | D:4      | Noticed Blork the orc
  5010 | D:4      | Killed Blork the orc
  5027 | D:4      | Found a glowing drain.
  5036 | Sewer    | Entered a sewer
  5103 | Sewer    | Noticed Purgy
  5114 | Sewer    | Killed Purgy
  5262 | Sewer    | Gained mutation: You are resistant to hostile enchantments.
                  | (MR+) [potion of mutation]
  5262 | Sewer    | Gained mutation: You have a pair of large antennae on your
                  | head. (SInv) [potion of mutation]
  5262 | Sewer    | Gained mutation: You are agile. (Dex +2) [potion of
                  | mutation]
  5391 | D:4      | Reached skill level 5 in Fighting
  6037 | Temple   | Entered the Ecumenical Temple
  6561 | D:7      | Reached skill level 8 in Evocations
  6604 | D:7      | Reached skill level 5 in Armour
  6612 | D:7      | Reached XP level 9. HP: 68/68 MP: 9/9
  6614 | D:7      | Found Deprauci's Weapon Boutique.
  7352 | D:8      | Noticed a purple ugly thing
  7395 | D:8      | Noticed Joseph
  7410 | D:8      | Your ally died
  7412 | D:8      | Killed a purple ugly thing
  7412 | D:8      | Reached skill level 5 in Dodging
  7592 | D:8      | HP: 2/68 [wyvern (16)]
  7593 | D:8      | Mangled by a wyvern

Illustrated notes

Levels and vault maps discovered:
D:1:      matt_arrival_diagonals, layout_loops_corners, serial_park_tiny_1,
          minmay_pentomino_q2
D:2:      layout_rooms
D:3:      layout_basic, okawaru_altar_gauntlet_db, uniq_natasha
D:4:      kb_forest_paths, layout_basic, portal_sewer_entry_d,
          uniq_blork_the_orc
D:5:      layout_loops_ring, serial_glass, glass_columns_a, glass_columns_a,
          glass_columns_a, glass_columns_c, glass_columns_a, glass_columns_a,
          glass_columns_b, glass_columns_b, glass_columns_b, glass_columns_b,
          glass_columns_b, glass_columns_b, glass_columns_a, glass_columns_b,
          feat_on_display, item_on_display_a, due_unseen_surprise, st_stairs_12,
          uniq_duvessa, uniq_ijyb, uniq_prince_ribbit1
D:6:      layout_cave_pools, minmay_temple_entry_enclosed_plants,
          nicolae_ossuary_entry_ruins
D:7:      layout_basic, serial_shops, shop, hangedman_decor_clover_reticule
D:8:      layout_loops_corners, minmay_misc_feat_plants, uniq_joseph
Temple:   nicolae_temple_the_god_donut

Skill      XL: |  1  2  3  4  5  6  7  8  9 |
---------------+----------------------------+-----
Dodging        | 1 2 3 4 5 |  5.0
Armour         | 2 3 4 5 |  5.2
Fighting       | 2 3 4 5 |  5.4
Evocations     | 4 5 6 8 |  8.4
Stealth        | |  0.8

Action                   |  1- 3 |  4- 6 |  7- 9 || total
-------------------------+-------+-------+-------++-------
Melee: Club              |    55 |   167 |       ||   222
       Lajatang          |       |    27 |   238 ||   265
Evoke: Wand              |    11 |    32 |    11 ||    54
  Use: Scroll            |       |     2 |     8 ||    10
       Potion            |       |       |    10 ||    10
 Stab: Paralysed         |     8 |       |       ||     8
       Distracted        |       |     1 |     1 ||     2
       Sleeping          |       |     2 |     8 ||    10
Armor: Leather armour    |    18 |    43 |    17 ||    78
       Robe              |       |       |    77 ||    77
Dodge: Dodged            |    28 |   126 |   266 ||   420

Table legend: (Time is in decaauts)
 A = Elapsed time spent in this place.
 B = Non-inter-level travel time spent in this place.
 C = Inter-level travel time spent in this place.
 D = Time resting spent in this place.
 E = Time spent auto-exploring this place.
 F = Levels seen in this place.
 G = Mean time per level.
                   A        B        C        D        E       F      G
               +--------+--------+--------+--------+--------+-----+--------+
         Total |   7809 |   7622 |    187 |    752 |   5194 |  11 |  709.9 |
       Dungeon |   5659 |   5487 |    172 |      0 |   4312 |   8 |  707.4 |
        Temple |    231 |    216 |     15 |      0 |    210 |   1 |  231.0 |
         Sewer |    308 |    308 |      0 |      2 |    160 |   1 |  308.0 |
       Ossuary |   1611 |   1611 |      0 |    750 |    512 |   1 | 1611.0 |
               +--------+--------+--------+--------+--------+-----+--------+

Top non-repeatable levels by time:
 Ossuary: 1611 daAuts
     D:5: 1579 daAuts
     D:4: 1023 daAuts
     D:7: 744 daAuts
     D:6: 609 daAuts
     D:8: 598 daAuts
     D:1: 445 daAuts
     D:2: 344 daAuts
     D:3: 315 daAuts
   Sewer: 308 daAuts
  Temple: 231 daAuts
